 Dungeon Crawl Stone Soup version 0.17-a0-2073-gde5cdba (webtiles) character file.

7485 ololoev the Cleaver (level 11, -5/97 HPs)
             Began as a Hill Orc Berserker on Oct 15, 2015.
             Was an Elder of Trog.
             Killed from afar by an electric eel (11 damage)
             ... with a bolt of electricity
             ... on level 10 of the Dungeon.
             The game lasted 00:26:43 (3069 turns).

ololoev the Cleaver (Hill Orc Berserker)            Turns: 3069, Time: 00:26:43

Health: -5/97      AC: 17    Str: 24    XL:     11   Next: 16%
Magic:  26/26      EV: 13    Int:  7    God:    Trog [****..]
Gold:   329        SH:  0    Dex: 10    Spells: 0 memorised, 10 levels left

rFire  . . .     SeeInvis +     a - +0 battleaxe
rCold  . . .     Clarity  +     x - +4 chain mail of Summer {MP+9 SInv Stlth-}
rNeg   . . .     SustAt   .     (no shield)
rPois  .         Gourm    .     k - +1 helmet
rElec  .         Spirit   .     (no cloak)
rCorr  .         Warding  .     (no gloves)
rMut   .         Stasis   .     (no boots)
MR     .....                    b - amulet of clarity
Stlth  ..........               (no ring)
                                v - +4 ring of evasion

@: exhausted, flying, slowed, very slow, not resistant to hostile enchantments,
extremely unstealthy
A: no striking features
a: Burn Spellbooks, Berserk, Trog's Hand, Brothers in Arms, Renounce Religion

Inventory:

Hand Weapons
 a - a +0 battleaxe (weapon)
 H - a +0 blowgun
Missiles
 I - 19 poisoned needles
Armour
 e - a +0 hat of see invisible
 k - a +1 helmet (worn)
 x - the +4 chain mail of Summer (worn) {MP+9 SInv Stlth-}
   (You found it on level 8 of the Dungeon)

   It affects your magic capacity (+9).
   It lets you see invisible.
   It makes you less stealthy.
 G - a troll hide
Jewellery
 b - an amulet of clarity (around neck)
 v - a +4 ring of evasion (left hand)
Wands
 d - a wand of flame (16)
 o - a wand of slowing (0)
 q - a wand of frost (3)
 r - a wand of paralysis (3)
 s - a wand of paralysis (8)
Scrolls
 h - a scroll of teleportation
 i - 2 scrolls of fog
 l - 2 scrolls of enchant armour
 m - 2 scrolls of remove curse
 t - a scroll of recharging {unknown}
 y - 3 scrolls of torment {unknown}
 B - a scroll of immolation {unknown}
Potions
 c - 2 potions of might {unknown}
 f - a potion of curing
 j - a potion of invisibility
 n - a potion of berserk rage
 p - a potion of ambrosia
 w - 2 potions of brilliance {unknown}
 E - a potion of cancellation {unknown}
 F - a potion of magic {unknown}
Books
 z - the Collected Works on Assistive Conjuration
   (You found it on level 10 of the Dungeon)

   Spells                             Type                      Level
   a - Shroud of Golubria             Charms/Translocation         2
   b - Song of Slaying                Charms                       2
   c - Iskenderun's Battlesphere      Conjuration/Charms           5
   d - Lightning Bolt                 Conjuration/Air              5
   e - Conjure Ball Lightning         Conjuration/Air              6
   Trog disapproves of the use of such an item.
Miscellaneous
 J - a plain deck of summoning
Comestibles
 g - 4 meat rations
 u - 2 bread rations
 C - 12 fruits
 D - 6 slices of pizza


   Skills:
 + Level 9.5 Fighting
 * Level 13.3 Axes
 + Level 8.0 Armour
 - Level 1.5 Dodging
 * Level 9.0 Evocations


You had 10 spell levels left.
You didn't know any spells.


You were on level 10 of the Dungeon.
You worshipped Trog.
Trog was greatly pleased with you.
You were very hungry.

You visited 2 branches of the dungeon, and saw 11 of its levels.

You collected 417 gold pieces.
You spent 88 gold pieces at shops.

≈≈≈≈≈ ≈≈≈≈≈≈ ###≈≈≈≈
≈≈≈≈≈≈≈≈ ≈≈≈≈≈≈≈
≈≈≈≈≈≈≈.≈≈ ≈.#≈≈≈≈
...≈≈≈≈≈≈≈≈
≈≈t≈≈≈≈...♣.≈≈≈≈≈≈≈≈≈
≈≈≈≈≈≈. P....≈≈≈≈≈≈≈≈≈
≈≈≈≈≈≈.♣..P♣.≈≈≈≈≈≈≈≈≈
≈≈≈≈≈≈.@♣♣g..;≈≈≈≈≈.≈≈
#≈≈≈≈≈≈..)♣t≈≈≈≈≈≈≈≈≈
≈≈≈≈≈≈≈≈.†Yt≈≈≈≈≈≈≈# ≈
≈≈#≈≈≈≈≈≈†††≈≈≈≈≈####≈≈
≈ ##≈≈≈≈≈≈≈;≈≈≈≈≈≈≈≈≈≈≈
#≈≈≈≈≈≈≈≈≈≈≈≈≈≈≈≈≈≈≈≈
≈≈##≈≈≈≈≈≈####≈≈≈≈≈≈≈≈
###≈#≈≈≈###≈#≈≈≈≈≈≈≈≈##
≈###.## ##≈######≈#≈#

Notes
Turn   | Place    | Note
--------------------------------------------------------------
     0 | D:1      | ololoev the Hill Orc Berserker began the quest for the Orb.
     0 | D:1      | Reached XP level 1. HP: 19/19 MP: 1/1
   100 | D:2      | Reached XP level 2. HP: 27/27 MP: 2/2
   225 | D:3      | Noticed an ogre
   234 | D:3      | Killed an ogre
   234 | D:3      | Reached skill level 5 in Axes
   234 | D:3      | Reached XP level 3. HP: 10/34 MP: 3/3
   234 | D:3      | Reached XP level 4. HP: 11/41 MP: 4/4
   269 | D:3      | Reached ** piety under Trog
   385 | D:3      | Noticed Robin
   391 | D:3      | Killed Robin
   391 | D:3      | Reached XP level 5. HP: 47/47 MP: 5/5
   470 | D:3      | Reached skill level 6 in Axes
   495 | D:4      | Reached skill level 5 in Fighting
   504 | D:4      | Reached XP level 6. HP: 56/56 MP: 6/6
   719 | D:5      | Entered Level 5 of the Dungeon
   721 | D:5      | Found Hoacuf's General Store.
   732 | D:5      | Bought a potion of curing for 33 gold pieces
   732 | D:5      | Bought a scroll of identify for 22 gold pieces
   732 | D:5      | Bought a scroll of remove curse for 33 gold pieces
   852 | D:6      | Noticed Edmund
   865 | D:6      | Killed Edmund
   865 | D:6      | Reached skill level 7 in Axes
   983 | D:6      | Reached XP level 7. HP: 62/62 MP: 7/7
  1003 | D:7      | Found an iron altar of Okawaru.
  1099 | D:7      | Reached *** piety under Trog
  1100 | D:7      | Reached skill level 8 in Axes
  1148 | D:7      | Noticed ololoev's ghost (novice HOFi)
  1197 | D:7      | Found a staircase to the Ecumenical Temple.
  1208 | D:7      | Reached skill level 1 in Evocations
  1213 | D:7      | Reached skill level 5 in Armour
  1213 | D:7      | Reached XP level 8. HP: 70/70 MP: 7/9
  1248 | Temple   | Entered the Ecumenical Temple
  1357 | D:7      | Killed ololoev's ghost
  1357 | D:7      | Reached skill level 9 in Axes
  1451 | D:8      | Reached skill level 10 in Axes
  1483 | D:8      | Got a faintly humming chain mail
  1511 | D:8      | Reached XP level 9. HP: 24/79 MP: 12/12
  1575 | D:8      | Identified the +4 chain mail of Summer {MP+9 SInv Stlth-} (You found it on level 8 of the Dungeon)
  1596 | D:8      | Noticed Pikel
  1612 | D:8      | Reached skill level 5 in Evocations
  1619 | D:8      | Killed Pikel
  1676 | D:8      | Reached skill level 11 in Axes
  2004 | D:8      | Found a stormy altar of Qazlal.
  2299 | D:9      | Reached XP level 10. HP: 82/88 MP: 14/14
  2308 | D:9      | Reached **** piety under Trog
  2385 | D:9      | Noticed a cyclops
  2398 | D:9      | Killed a cyclops
  2398 | D:9      | Reached skill level 12 in Axes
  2488 | D:10     | Entered Level 10 of the Dungeon
  2627 | D:9      | Found a deep blue altar of Sif Muna.
  2728 | D:10     | Noticed a centaur warrior
  2734 | D:10     | Noticed Gastronok
  2741 | D:10     | Killed a centaur warrior
  2748 | D:10     | Killed Gastronok
  2748 | D:10     | Reached skill level 13 in Axes
  2748 | D:10     | Reached XP level 11. HP: 57/97 MP: 17/17
  2905 | D:10     | Noticed a hill giant
  2912 | D:10     | Killed a hill giant
  2991 | D:10     | Identified the Collected Works on Assistive Conjuration
  3069 | D:10     | Killed from afar by an electric eel

Dungeon Overview and Level Annotations

Branches:
Dungeon (10/15)            Temple (1/1) D:7
   Lair: D:8-11         Orc: D:9-12

Altars:
Ashenzari
Cheibriados
Dithmenos
Fedhas
Gozag
Kikubaaqudgha
Makhleb
Nemelex Xobeh
Okawaru
Qazlal
Ru
Sif Muna
Trog
Vehumet
Xom
Yredelemnul
Zin

Shops:
D:5 *


Message History

The sky beast completely resists.
The bolt of electricity hits you!
Unknown command.
Your chain mail of Summer prevents you from hitting the snapping turtle.
The snapping turtle is almost dead.
You slash the electric eel!
The electric eel is moderately wounded.
You hit the sky beast.
The sky beast is severely wounded.
The sky beast hits you but does no damage.
The snapping turtle bites you from afar!
Unknown command.
Unknown command.
You barely miss the snapping turtle.
The snapping turtle is almost dead.
You closely miss the sky beast.
The sky beast is severely wounded.
You miss the electric eel.
The electric eel is moderately wounded.
The electric eel shoots out a bolt of lightning at you!
The bolt of electricity hits you!
The snapping turtle bites you from afar!
The sky beast hits you but does no damage.
Unknown command.
Unknown command.
Things that are here:
a whip; a throwing net; a gnoll corpse Unknown command.
Unknown command.
You feel a strong urge to attack something.
A snapping turtle comes into view.
The electric eel shoots out a bolt of lightning at you!
The bolt of electricity hits the gnoll.
The bolt of electricity hits you!
Unknown command.
You are no longer berserk.
You are exhausted.
You feel yourself slow down.
You are feeling very hungry.
The electric eel shoots out a bolt of lightning at you!
The bolt of electricity hits you!
You die...

You could see 2 snapping turtles, a sky beast and an electric eel.

Vanquished Creatures
  Gastronok (D:10)
  A centaur warrior (D:10)
  A hill giant (D:10)
  Pikel (D:8)
  The ghost of ololoev the Cleaver, a novice HOFi of Makhleb (D:7)
  A cyclops (D:9)
  A troll (D:10)
  2 yaks (D:8)
  3 hippogriffs
  Edmund (D:6)
  2 ice beasts
  A water moccasin (D:9)
  2 orc warriors
  A wasp (D:8)
  3 slaves (D:8)
  A phantom (D:9)
  A sky beast (D:7)
  A centaur (D:8)
  2 ogres
  A crocodile (D:9)
  5 big kobolds
  3 giant frogs
  3 wights (D:4)
  2 scorpions
  A centaur zombie (D:10)
  2 crimson imps (D:7)
  A centaur skeleton (D:9)
  3 hounds
  2 orc priests
  A giant frog skeleton (D:6)
  A worker ant (D:8)
  4 orc wizards
  2 sheep (D:8)
  A hound zombie (D:6)
  A hound skeleton (D:6)
  Robin (D:3)
  2 gnolls (D:10)
  3 adders
  A shadow imp (D:8)
  An ooze (D:3)
  2 adder skeletons
  An adder zombie (D:8)
  2 worms
  12 orcs
  A giant cockroach (D:1)
  9 goblins
  12 hobgoblins
  18 kobolds
  2 quokkas
  7 bats
  A giant gecko skeleton (D:5)
  2 giant newts
  A jackal (D:1)
  A jackal zombie (D:7)
  2 rats
  A plant (D:10)
142 creatures vanquished.

Vanquished Creatures (collateral kills)
  An ogre (D:10)
  A big kobold (D:10)
  A kobold (D:10)
3 creatures vanquished.

Vanquished Creatures (others)
  A giant frog zombie (D:10)
  An iguana (D:8)
  3 orcs (D:8)
  A bat (D:10)
6 creatures vanquished.

Grand Total: 151 creatures vanquished

Action                   |  1- 3 |  4- 6 |  7- 9 | 10-12 || total
-------------------------+-------+-------+-------+-------++-------
Melee: Hand axe          |    29 |   126 |       |       ||   155
       Battleaxe         |       |       |   186 |    86 ||   272
Invok: Berserk           |     3 |     5 |     7 |     4 ||    19
       Trog's Hand       |       |     1 |     4 |     4 ||     9
       Brothers in Arms  |       |       |       |     1 ||     1
Evoke: Wand              |       |       |    17 |     5 ||    22
  Use: Scroll            |       |     7 |     3 |     1 ||    11
       Potion            |       |       |       |     2 ||     2
 Stab: Paralysed         |       |       |       |     2 ||     2
  Eat: Chunk             |       |     8 |     9 |     5 ||    22
       Bread ration      |       |       |     1 |       ||     1
       Beef jerky        |       |       |       |     1 ||     1

Vault maps used:
D:1:      mrwooster_arrival_statue_3, dk_noncrumbling_3
D:3:      okawaru_metal_pillars_3, uniq_robin
D:5:      tso_altar, first_bread, serial_shops, shop, kennysheep_generic_room_8
D:6:      lemuel_doored_altar, uniq_edmund, uniq_sigmund
D:7:      basic_altar
D:8:      kennysheep_little_box, serial_corexii_hall, corexii_hall_statues_i,
          corexii_hall_statues_x, hangedman_ranch,
          nicolae_qazlal_eye_of_the_storm, uniq_pikel
D:9:      lemuel_blue_sif_altar, kennysheep_generic_room_10
D:10:     wad_bat_island, minivault_26, spider_trap,
          minmay_misc_feat_more_columns, uniq_gastronok
Temple:   eino_wide_crystal_templ_15
